 Dungeon Crawl Stone Soup version 0.24-a0-769-g368c164 (webtiles) character file.

Game seed: 4577037002155379988, levelgen mode: deterministic

576 Spazmo the Magician (level 7, -2/36 HPs)
             Began as a Deep Elf Fire Elementalist on Oct 4, 2019.
             Was a Follower of Vehumet.
             Shot with an arrow by a centaur (10 damage)
             ... on level 5 of the Dungeon.
             The game lasted 00:08:06 (3341 turns).

Spazmo the Magician (Deep Elf Fire Elementalist)    Turns: 3341, Time: 00:08:07

Health: -2/36      AC:  2    Str:  5    XL:     7   Next: 12%
Magic:  12/18      EV: 13    Int: 22    God:    Vehumet [*.....]
Gold:   165        SH:  0    Dex: 15    Spells: 3/18 levels left

rFire    . . .     SeeInvis .   v - +0 dagger (elec)
rCold    . . .     Gourm    .   (no shield)
rNeg     . . .     Faith    +   a - +0 robe
rPois    .         Spirit   .   (no helmet)
rElec    .         Reflect  .   (no cloak)
rCorr    .         Harm     .   (no gloves)
MR       .....     Rnd*Tele +   (no boots)
Stlth    +++.......             b - amulet of faith
HPRegen  0.12/turn              o - ring of teleportation (curse)
MPRegen  0.16/turn              i - ring of stealth

@: no status effects
A: no striking features
a: Renounce Religion


You were on level 5 of the Dungeon.
You worshipped Vehumet.
Vehumet was aware of your devotion.
You were not hungry.

You visited 1 branch of the dungeon, and saw 5 of its levels.

You collected 165 gold pieces.

Inventory:

Hand Weapons
 t - a +2 hand axe of venom
 v - a +0 dagger of electrocution (weapon)
Missiles
 h - 38 stones (quivered)
Armour
 a - a +0 robe (worn)
Jewellery
 b - an amulet of faith (around neck)
 i - a ring of stealth (right hand)
 j - an uncursed ring of resist corrosion
 o - a cursed ring of teleportation (left hand)
Scrolls
 k - 4 scrolls of identify
 m - a scroll of teleportation
 q - a scroll of magic mapping {unknown}
 u - a scroll of fear {unknown}
Potions
 d - a potion of brilliance {unknown}
 e - a potion of might
 f - 2 potions of mutation
 g - 2 potions of heal wounds
 l - 2 potions of curing
 p - a potion of agility
 r - a potion of ambrosia {unknown}
 s - a potion of haste {unknown}
Comestibles
 c - 11 rations
 n - a chunk of flesh


   Skills:
 - Level 2.4 Dodging
 - Level 2.4 Stealth
 + Level 6.4 Spellcasting
 + Level 4.8 Conjurations
 + Level 5.8 Fire Magic


You had 3 spell levels left.
You knew the following spells:

 Your Spells              Type           Power        Failure   Level  Hunger
a - Flame Tongue          Conj/Fire      ####.        1%          1    None
b - Throw Flame           Conj/Fire      ####..       1%          2    None
c - Conjure Flame         Conj/Fire      ####....     3%          3    #......
d - Sticky Flame          Conj/Fire      ####....     10%         4    ###....
e - Fireball              Conj/Fire      ####......   26%         5    #####..

Your spell library contained the following spells:

 Spells                   Type           Power        Failure   Level  Hunger
 Sting                    Conj/Pois      ###.         3%          1    None
 Inner Flame              Hex/Fire       ###.....     8%          3    #......


Dungeon Overview and Level Annotations

Branches:
Dungeon (5/15)
 Temple: D:4-7

Altars:
Fedhas
Okawaru
Vehumet
The Shining One


Message History

The centaur shouts!
The centaur wields a +0 shortbow.
The centaur shoots an arrow.
The arrow hits you!
Casting: Throw Flame (safe; 1% risk of failure)
Confirm with . or Enter, or press ? or * to list all spells.
Aiming: Throw Flame (safe; 1% risk of failure)
Press: ? - help, Shift-Dir - straight line, f/p - centaur
Aim: a centaur, wielding a +0 shortbow (moderately wounded)
The puff of flame misses the centaur.
The centaur shoots an arrow.
The arrow hits you!
* * * LOW HITPOINT WARNING * * *
Casting: Throw Flame (safe; 1% risk of failure)
Confirm with . or Enter, or press ? or * to list all spells.
Aiming: Throw Flame (safe; 1% risk of failure)
Press: ? - help, Shift-Dir - straight line, f/p - centaur
Aim: a centaur, wielding a +0 shortbow (moderately wounded)
The puff of flame hits the centaur.
The centaur is heavily wounded.
The centaur shoots an arrow.
The arrow hits you!
You die...

##.c...## .... ....
.?....... #.. ....#
#......# #.###.#...#
#........# #+# #@#
######.### #.#
#.........
#####.#######.####.##.
#.........##..###<..#.
#.###.###.#...##......
#.# #..........##.....
#.# #####.#........##.
#.# #.##..####.##.
#.#######.###<####.##.


You could see a centaur.

Vanquished Creatures
  2 ogres (D:5)
  2 crimson imps (D:5)
  A hound (D:4)
  A centaur skeleton (D:4)
  Jessica (D:2)
  Natasha (twice) (D:4)
  2 worker ants (D:4)
  Robin (D:4)
  6 adders
  3 oozes
  A worm (D:2)
  2 dart slugs
  2 leopard geckos
  An orc (D:5)
  6 giant cockroaches
  17 goblins
  8 hobgoblins
  4 kobolds
  2 ball pythons
  9 bats
  9 frilled lizards
  5 rats
87 creatures vanquished.

Notes
Turn   | Place    | Note
-------+----------+-------------------------------------------
     0 | D:1      | Spazmo the Deep Elf Fire Elementalist began the quest for
                  | the Orb.
     0 | D:1      | Reached XP level 1. HP: 10/10 MP: 6/6
   131 | D:1      | Reached XP level 2. HP: 10/15 MP: 2/8
   136 | D:1      | Learned a level 2 spell: Throw Flame
   536 | D:1      | Reached XP level 3. HP: 8/19 MP: 3/10
   543 | D:1      | Learned a level 3 spell: Conjure Flame
   927 | D:2      | Found a radiant altar of Vehumet.
   938 | D:2      | Became a worshipper of Vehumet
  1139 | D:2      | Reached skill level 4 in Spellcasting
  1236 | D:2      | Reached XP level 4. HP: 24/24 MP: 7/12
  1242 | D:2      | Learned a level 4 spell: Sticky Flame
  1286 | D:2      | Found a glowing golden altar of the Shining One.
  1529 | D:2      | Found a blossoming altar of Fedhas.
  1580 | D:2      | Noticed Jessica
  1582 | D:2      | Killed Jessica
  1585 | D:2      | Gained mutation: You tend to lose your temper in combat.
                  | [potion of mutation]
  1585 | D:2      | Lost mutation: You tend to lose your temper in combat.
                  | [potion of mutation]
  1771 | D:3      | You fall into a shaft and drop 1 floor!
  1775 | D:4      | Reached XP level 5. HP: 28/28 MP: 7/14
  1792 | D:4      | Noticed Natasha
  1822 | D:4      | Reached skill level 5 in Spellcasting
  2060 | D:3      | Found an iron altar of Okawaru.
  2227 | D:3      | Reached * piety under Vehumet
  2227 | D:3      | Offered knowledge of Magic Dart by Vehumet.
  2530 | D:4      | Reached skill level 5 in Fire Magic
  2530 | D:4      | Reached XP level 6. HP: 32/32 MP: 12/16
  2537 | D:4      | Learned a level 5 spell: Fireball
  2558 | D:4      | Noticed Robin
  2567 | D:4      | Killed Natasha
  2577 | D:4      | Killed Robin
  2734 | D:4      | Noticed Natasha
  2743 | D:4      | Killed Natasha
  3062 | D:5      | Entered Level 5 of the Dungeon
  3111 | D:5      | Reached skill level 6 in Spellcasting
  3224 | D:5      | Offered knowledge of Sting by Vehumet.
  3224 | D:5      | Reached XP level 7. HP: 36/36 MP: 12/18
  3341 | D:5      | Shot with an arrow by a centaur

Levels and vault maps discovered:
D:1:      lightli_arrival_farm, layout_loops_ring, glass_columns_c
D:2:      minmay_angry_zag, layout_loops_ring, vehumet_crystals, fedhas_altar_3,
          tso_altar, uniq_jessica
D:3:      layout_loops_ring, okawaru_gym_becter
D:4:      layout_rooms, first_ration, serial_forest, infiniplex_forest_lined_3,
          infiniplex_forest_lined_3, infiniplex_forest_clump_medium,
          infiniplex_forest_lined_3, infiniplex_forest_straight_4,
          infiniplex_forest_clump_large, infiniplex_forest_end_double,
          infiniplex_forest_diagonal, uniq_robin, uniq_natasha
D:5:      layout_loops_corners, lemuel_temple_firewalk_b

Skill      XL: |  1  2  3  4  5  6 |
---------------+-------------------+-----
Conjurations   | 2 3 4 |  4.8
Fire Magic     | 4 5 |  5.8
Spellcasting   | 4 5 6 |  6.4
Dodging        | |  2.4
Stealth        | |  2.4

Action                   |  1- 3 |  4- 6 |  7- 9 || total
-------------------------+-------+-------+-------++-------
Melee: Whip              |       |     2 |       ||     2
       Dagger            |       |     2 |     3 ||     5
 Cast: Flame Tongue      |    73 |    73 |       ||   146
       Throw Flame       |       |    16 |     3 ||    19
       Sticky Flame      |       |     4 |       ||     4
  Use: Scroll            |     5 |     2 |       ||     7
       Potion            |     2 |     1 |       ||     3
 Stab: Sleeping          |       |       |     1 ||     1
  Eat: Chunk             |     1 |     6 |     1 ||     8
Armor: Robe              |     3 |     3 |       ||     6
Dodge: Dodged            |    15 |    11 |     2 ||    28

Table legend:
 A = Non-vault XP
 B = Vault XP
 C = Vault XP percentage of total XP
 D = Non-vault monster count
 E = Vault monster count
 F = Vault count percentage of total count
                 A         B        C        D         E       F
            +---------+---------+-------+---------+---------+-------
      Total |     677 |     146 |  17.7 |      68 |      19 |  21.8
            +---------+---------+-------+---------+---------+-------
        D:1 |      50 |       0 |   0.0 |      27 |       0 |   0.0
        D:2 |      56 |      76 |  57.6 |      14 |       7 |  33.3
        D:3 |      48 |       1 |   2.0 |      14 |       1 |   6.7
        D:4 |     186 |      69 |  27.1 |       6 |      11 |  64.7
        D:5 |     337 |       0 |   0.0 |       7 |       0 |   0.0
            +---------+---------+-------+---------+---------+-------
